Map: Frozen Temple

Players

VICKO

  • Race: Terran Terran
  • League: Diamond

YoshI

  • Race: Terran Terran
  • League: Diamond

EdelePerfect

  • Race: Zerg Zerg

NickWinters

  • Race: Zerg Zerg
  • League: Gold

VOD

Have the link to the VOD?

Description

Time

  • Played on: Aug. 30, 2016, 1:55 a.m.
  • Length: 14:34
Show
View Real Time Build Order
Export as new Build Order

VICKO Terran 

Build Orders: Reaper Expand, MMM Bio 

Get SALT Encoding   

  12  0:03  SCV  
  13  0:15  SCV  
  13  0:20  Supply Depot  
  14  0:27  SCV  
  15  0:43  SCV, Barracks  
  15  0:49  Refinery  
  16  0:56  SCV  
  17  1:08  SCV  
  17  1:09  Supply Depot  
  18  1:21  SCV  
  19  1:32  Reaper, Bunker  
  20  1:34  Orbital Command  
  20  1:59  Command Center  
  20  2:01  SCV  
  21  2:09  Supply Depot  
  21  2:20  Barracks Reactor  
  21  2:22  SCV  
  22  2:27  Factory  
  22  2:34  SCV  
  23  2:38  Refinery  
  23  2:47  SCV  
  24  3:06  Marine  
  24  3:12  Orbital Command  
  25  3:14  Supply Depot  
  25  3:16  Hellion  
  25  3:18  Starport, SCV  
  27  3:24  Marine  
  28  3:27  Hellion  
  28  3:30  SCV  
  31  3:38  Supply Depot  
  31  3:40  SCV  
  32  3:42  SCV  
  32  3:47  Hellion  
  35  3:55  Marine, Medivac  
  38  3:58  Hellion  
  38  4:01  SCV  
  41  4:06  Supply Depot  
  40  4:13  Orbital Command  
  32  4:20  SCV  
  32  4:21  Hellion  
  32  4:22  Hellion  
  35  4:27  Marine  
  34  4:39  SCV x2  
  34  4:45  Hellion x2  
  34  5:10  Hellion x2  
  34  5:13  Orbital Command  
  38  5:15  SCV  
  40  5:22  Armory  
  40  5:28  Supply Depot, SCV  
  40  5:32  Marine  
  41  5:40  Supply Depot, SCV  
  42  5:50  SCV  
  42  5:52  Supply Depot  
  42  5:58  Barracks Tech Lab  
  42  6:03  Supply Depot  
  42  6:04  Widow Mine  
  42  6:05  Widow Mine  
  46  6:29  Bunker  
  46  6:30  SCV  
  46  6:32  SCV  
  48  6:34  Marine  
  48  6:36  Stimpack  
  49  6:40  Widow Mine x2  
  49  6:42  Medivac, SCV  
  49  6:44  SCV  
  57  6:47  Barracks x2  
  57  6:53  Marine  
  57  6:54  SCV  
  57  6:56  SCV  
  56  7:06  SCV  
  57  7:18  SCV x2  
  57  7:19  Medivac  
  57  7:20  Marine  
  62  7:24  Engineering Bay  
  62  7:25  Widow Mine  
  62  7:27  Widow Mine  
  66  7:30  SCV  
  67  7:37  Command Center, Marine  
  67  7:41  Barracks Reactor  
  67  7:42  Barracks Tech Lab  
  67  8:02  SCV  
  67  8:03  Marine x2, SCV  
  65  8:08  Starport Reactor  
  65  8:09  Widow Mine x2  
  65  8:11  Terran Infantry Armor Level 1  
  69  8:16  Engineering Bay  
  69  8:19  Marine x2  
  71  8:21  Marine x2  
  71  8:22  Supply Depot  
  71  8:23  Supply Depot  
  71  8:25  Refinery  
  73  8:32  Refinery  
  73  8:35  Combat Shields  
  73  8:37  Marine  
  74  8:46  Missile Turret  
  74  8:49  Missile Turret  
  74  8:56  Marine  
  74  8:57  Marine x2, Marauder  
  79  9:03  Orbital Command  
  79  9:06  Barracks  
  79  9:07  Factory Tech Lab, SCV  
  79  9:08  SCV  
  81  9:14  Marine x2  
  81  9:15  Marauder  
  85  9:18  Marine  
  85  9:20  SCV x2  
  88  9:31  Liberator x2  
  85  9:32  Orbital Command  
  85  9:38  Marine  
  83  9:39  Marine x2, Marauder  
  92  9:52  Terran Infantry Weapons Level 1  
  92  9:58  SCV  
  92  9:59  SCV  
  94  10:00  SCV  
  94  10:01  Fusion Core  
  95  10:07  Starport, Marine  
  95  10:08  Marine x3, Marauder  
  95  10:11  Terran Infantry Armor Level 2, SCV  
  95  10:12  Refinery  
  102  10:14  Marauder  
  102  10:15  Refinery  
  104  10:22  SCV x2  
  104  10:23  SCV  
  104  10:25  Marine  
  108  10:34  Supply Depot x2  
  108  10:43  Medivac x2  
  108  10:45  Supply Depot x2  
  108  10:46  Supply Depot, Starport Tech Lab  
  108  10:48  Supply Depot  
  108  10:49  Supply Depot, Marine x3, Marauder  
  117  10:53  Terran Ship Weapons Level 1  
  117  10:54  Concussive Shells  
  117  10:55  Marine  
  117  10:56  Marauder  
  120  10:58  Barracks  
  120  10:59  SCV x3  
  120  11:02  Barracks  
  123  11:11  SCV  
  123  11:12  Liberator  
  124  11:19  Advanced Ballistics  
  124  11:21  Medivac x2  
  124  11:23  Ghost Academy  
  131  11:36  Marine  
  131  11:37  Marine, Marauder  
  131  11:39  Command Center  
  135  11:40  SCV x2  
  100  11:47  Liberator  
  137  11:51  Marine x2  
  137  11:52  Marine x2, Marauder  
  141  11:54  Marine  
  141  11:58  Marauder  
  141  12:00  Supply Depot  
  141  12:01  Terran Infantry Weapons Level 2, Nuke  
  144  12:03  Supply Depot  
  144  12:08  Missile Turret  
  147  12:20  Supply Depot  
  147  12:21  Marine x2, Liberator  
  147  12:22  Marauder  
  151  12:24  Supply Depot  
  151  12:28  Marine x2  
  151  12:29  Marine, Marauder  
  152  12:30  Missile Turret  
  150  12:38  Hyperflight Rotors  
  150  12:43  Barracks Reactor, Liberator x2  
  151  12:52  Missile Turret  
  151  13:00  Missile Turret  
  151  13:04  Liberator  
  157  13:24  Marine x3, Marauder  
  157  13:26  Liberator  
  165  13:43  Medivac  
  165  13:48  Marine  
  169  13:49  Marine x4, Marauder x2  
  169  13:54  Marine  
  169  13:55  Marine  
  180  14:06  Marine x3  
  183  14:10  Marauder  
  183  14:11  Marauder  
Show
View Real Time Build Order
Export as new Build Order

YoshI Terran 

Build Orders:  

Get SALT Encoding   

  12  0:02  Drone  
  13  0:10  Drone  
  14  0:17  Overlord  
  14  0:33  Spawning Pool  
  13  0:37  Drone  
  13  0:42  Drone  
  15  0:45  Drone  
  17  0:50  Drone  
  17  1:17  Hatchery  
  16  1:23  Queen  
  18  1:33  Extractor, Drone x2  
  18  1:36  Drone  
  20  1:45  Zergling x2  
  21  1:55  Overlord  
  21  2:09  Queen, Extractor  
  24  2:15  Drone  
  24  2:33  Metabolic Boost  
  24  2:34  Queen  
  24  2:36  Zergling x8  
  24  2:37  Zergling x2  
  31  2:39  Zergling x2  
  32  2:46  Zergling x2  
  33  2:53  Zergling x2  
  33  2:59  Baneling Nest  
  33  3:04  Zergling x6  
  35  3:10  Overlord  
  35  3:21  Drone  
  36  3:33  Zergling x8  
  40  3:46  Zergling x8  
  40  3:47  Baneling x3  
  40  3:48  Baneling  
  44  4:03  Overlord x2  
  42  4:13  Zergling x6  
  40  4:26  Zergling x2  
  40  4:27  Zergling x6  
  44  4:36  Queen  
  46  4:40  Baneling  
  46  4:41  Baneling x2  
  45  4:53  Drone x3  
  45  4:54  Drone  
  45  5:07  Roach Warren  
  45  5:12  Drone x2  
  44  5:19  Drone x2  
  46  5:28  Drone  
  46  5:29  Drone x3  
  50  5:38  Drone  
  50  5:39  Drone  
  52  5:55  Queen  
  54  6:05  Lair  
  53  6:16  Drone x2  
  53  6:17  Drone  
  53  6:18  Baneling x5  
  54  6:19  Roach, Baneling  
  54  6:20  Roach x2  
  59  6:32  Zergling x2  
  59  6:33  Zergling x2  
  50  6:49  Roach x5  
  60  6:56  Zergling x2  
  60  6:57  Zergling x2  
  59  7:08  Drone  
  58  7:23  Roach  
  58  7:25  Overlord x4  
  60  7:31  Extractor  
  60  7:33  Extractor  
  57  7:43  Overseer  
  57  7:47  Queen  
  55  8:00  Drone x4  
  59  8:06  Drone  
  59  8:07  Queen, Drone  
  63  8:12  Glial Reconstitution  
  63  8:16  Drone  
  63  8:19  Extractor  
  63  8:20  Drone  
  63  8:24  Hatchery  
  63  8:28  Drone  
  63  8:33  Drone x3  
  67  8:34  Drone  
  67  8:37  Hydralisk Den  
  67  8:44  Queen  
  69  8:56  Drone x4  
  69  8:58  Overlord  
  69  8:59  Drone  
  69  9:00  Drone  
  75  9:05  Drone  
  75  9:07  Evolution Chamber  
  75  9:10  Drone, Evolution Chamber  
  75  9:13  Muscular Augments  
  75  9:23  Roach  
  75  9:24  Roach x2  
  66  9:45  Drone x3  
  69  9:55  Drone x5  
  74  10:00  Queen  
  74  10:02  Queen  
  78  10:07  Queen  
  80  10:35  Tunneling Claws  
  80  10:38  Queen, Drone x5  
  87  10:43  Queen  
  89  10:53  Queen  
  91  11:13  Queen  
  93  11:18  Queen  
  95  11:28  Queen  
  97  11:49  Queen  
  97  11:54  Hatchery, Queen  
  89  12:01  Overseer  
  89  12:04  Queen  
  89  12:08  Drone x3  
  84  12:35  Drone  
  84  12:36  Drone  
  86  12:40  Overseer  
  86  12:42  Overseer x2  
  86  12:47  Drone x5  
  86  12:48  Drone  
  92  12:53  Queen  
  92  12:54  Queen  
  92  12:56  Queen  
  98  13:00  Drone x2  
  100  13:28  Queen  
  100  13:30  Queen  
  100  13:32  Queen  
Show
View Real Time Build Order
Export as new Build Order

EdelePerfect Zerg 

Build Orders:  

Get SALT Encoding   

Show
View Real Time Build Order
Export as new Build Order

NickWinters Zerg 

Build Orders:  

Get SALT Encoding   

Tags
 
Add a new tag
Caveats
  • Supply blocks, unpowered buildings, or Contaminate may cause inaccurate times.
  • Supply counts are checked every 10 seconds.